cohdb
Replays
Latest Replays
All Replays
Popular Replays
Top Player Replays
Match Explorer
How It Works
Community
CoH3 Stats
Reddit
Sign in to upload your games and track your stats! →
Sign in with Steam
Match 44669655
Unlisted
Match 44669655
Overview
Messages
Build Orders
End
Construct Infanterie Kompanie
Pioneer Squad
Grenadier Squad
Selects Luftwaffe Battlegroup
Selects Luftwaffe Pioneer Support
Grenadier Squad
MG 42 Machine Gun Team
Grenadier Squad
Construct Luftwaffe Kompanie
Selects Stuka Strafing Run
Medical Station
Selects LG40 Recoilless Gun Paradrop
Selects Fallschirmjäger Squad Paradrop
Selects LG40 Recoilless Gun Paradrop
Flak 30 Anti-aircraft Gun Team
AI Takeover
HENS
DibbeTC
0
0
Comments
sign in to comment!
No comments posted yet!